 Dungeon Crawl Stone Soup version 0.25-a0-558-g78a2afb0af (webtiles) character file.

Game seed: 56931081834978549, levelgen mode: classic

121 EnegeticOcto the Covered (level 4, -6/42 HPs)
             Began as a Deep Dwarf Fighter on Feb 24, 2020.
             Mangled by Menkaure (18 damage)
             ... on level 4 of the Dungeon.
             The game lasted 00:00:47 (508 turns).

EnegeticOcto the Covered (Deep Dwarf Fighter)        Turns: 508, Time: 00:00:48

Health: -6/42      AC:  9    Str: 20    XL:     4   Next: 76%
Magic:  4/4        EV:  6    Int:  9    God:
Gold:   67         SH:  9    Dex: 12    Spells: 3/3 levels left

rFire    . . .     SeeInvis .   a - +0 war axe
rCold    . . .     Gourm    .   c - +0 kite shield
rNeg     . . .     Faith    .   m - +0 chain mail
rPois    .         Spirit   .   (no helmet)
rElec    .         Reflect  .   f - scarf {cloud immunity}
rCorr    .         Harm     .   (no gloves)
MR       .....                  (no boots)
Stlth    ..........             (no amulet)
HPRegen  0.00/turn              (no ring)
MPRegen  0.09/turn              (no ring)

@: non-regenerating
A: damage resistance, heal wounds, sense surroundings 1, no regeneration
a: Heal Wounds


You were on level 4 of the Dungeon.
You were not hungry.

You visited 1 branch of the dungeon, and saw 4 of its levels.

You collected 67 gold pieces.

Inventory:

Hand Weapons
 a - a +0 war axe (weapon)
Armour
 c - a +0 kite shield (worn)
 f - a scarf of cloud immunity (worn)
 m - a +0 chain mail (worn)
Wands
 i - a wand of scattershot (6)
Scrolls
 b - a scroll of enchant weapon {unknown}
 d - a scroll of remove curse {unknown}
 g - a scroll of identify {unknown}
 l - a scroll of noise {unknown}
Potions
 h - a potion of invisibility {unknown}
 k - a potion of might {@q3}
 n - a potion of magic {unknown}
Comestibles
 e - 2 rations
 j - 6 chunks of flesh


   Skills:
 * Level 3.5 Fighting
 * Level 3.5 Axes
 + Level 3.8 Armour
 + Level 1.3 Dodging
 + Level 3.8 Shields


You had 3 spell levels left.
You didn't know any spells.
Your spell library was empty.

Dungeon Overview and Level Annotations

Branches:
Dungeon (4/15)
 Temple: D:4-7

Altars:

Annotations:
D:4 Menkaure


Innate Abilities, Weirdness & Mutations

You are resistant to damage.
You can heal yourself by infusing magical energy.
You passively map a small area around you.
You do not regenerate.


Message History

Found a bubbling brown potion and 13 gold pieces.
Found a stone staircase leading down.
There is an open door here.
You hit the rat.
You kill the rat!
The leopard gecko hisses menacingly.
You block the leopard gecko's attack. The leopard gecko barely misses you.
You miss the leopard gecko.
The leopard gecko bites you but does no damage.
You closely miss the leopard gecko.
The leopard gecko bites you but does no damage.
You block the leopard gecko's attack.
You miss the leopard gecko. You block the leopard gecko's attack.
The leopard gecko barely misses you.
You hit the leopard gecko.
The leopard gecko is severely wounded.
The leopard gecko bites you but does no damage.
You miss the leopard gecko.
The leopard gecko is severely wounded.
You block the leopard gecko's attack.
The leopard gecko bites you but does no damage.
You miss the leopard gecko.
The leopard gecko is severely wounded.
The leopard gecko bites you but does no damage.
A leopard gecko is nearby!
You barely miss the leopard gecko.
The leopard gecko is severely wounded.
You block the leopard gecko's attack. x2
You closely miss the leopard gecko.
The leopard gecko is severely wounded.
You block the leopard gecko's attack.
The leopard gecko hisses menacingly.
The leopard gecko bites you.
You miss the leopard gecko.
The leopard gecko is heavily wounded.
The leopard gecko bites you. You block the leopard gecko's attack.
You hit the leopard gecko but do no damage.
The leopard gecko is heavily wounded.
You block the leopard gecko's attack.
You hit the leopard gecko.
You kill the leopard gecko!
No target in view!
No target in view!
No target in view!
No target in view!
No target in view!
n - a bubbling brown potion You now have 67 gold pieces (gained 13).
(D) Dungeon
Where to? (Enter - D:3, ? - help)
There is a stone staircase leading down here.
You climb downwards.
Found 24 stones.
Found an escape hatch in the floor.
There is a stone staircase leading up here.
There is a stone staircase leading up here.
You open the door.
There is an open door here.
Some of the chunks of flesh in your inventory have rotted away.
Menkaure, Prince of Dust comes into view.
Menkaure shouts!
Menkaure calls on the powers of darkness!
Your body is wracked with pain!
Menkaure is nearby!
Menkaure blazes with dark energy!
Menkaure calls on the powers of darkness!
Your body is wracked with pain!
* * * LOW HITPOINT WARNING * * *
You are too injured to fight recklessly!
You are too injured to fight recklessly!
You are too injured to fight recklessly!
You are too injured to fight recklessly!
You are too injured to fight recklessly!
You are too injured to fight recklessly!
You are too injured to fight recklessly!
You are too injured to fight recklessly!
You are too injured to fight recklessly!
You feel much better.
You feel much better.
Your health is already full.
Menkaure gestures at you while chanting.
Pain shoots through your body!
Menkaure calls on the powers of darkness!
Your body is wracked with pain!
Your chain mail prevents you from hitting Menkaure.
Menkaure gestures at you while chanting.
Pain shoots through your body!
You hit Menkaure.
Menkaure is lightly damaged.
Menkaure mumbles some strange words.
Menkaure seems to speed up.
You hit Menkaure but do no damage.
Menkaure is lightly damaged.
Menkaure closely misses you.
You slash Menkaure!
Menkaure is moderately damaged.
Menkaure calls on the powers of darkness!
Your body is wracked with pain!
* * * LOW HITPOINT WARNING * * *
Menkaure hits you!!
You die...

* * ,
####################
#...........@M......
##.#################
#.#......##### ,
#.#.##........ ** *
#.#.#......... ,
#.#...<......., ,
#.####.....#.., ,
#....'.....# . , ,,
######........ , ,


You could see Menkaure.

Vanquished Creatures
  A bullfrog skeleton (D:3)
  Terence (D:3)
  Ijyb (D:3)
  A worm (D:3)
  A leopard gecko (D:3)
  A giant cockroach (D:3)
  11 goblins
  3 hobgoblins
  7 jackals
  A kobold (D:1)
  A quokka (D:3)
  2 bats
  4 rats
35 creatures vanquished.

Notes
Turn   | Place    | Note
-------+----------+-------------------------------------------
     0 | D:1      | EnegeticOcto the Deep Dwarf Fighter began the quest for the
                  | Orb.
     0 | D:1      | Reached XP level 1. HP: 20/20 MP: 1/1
   146 | D:1      | Reached XP level 2. HP: 18/27 MP: 2/2
   286 | D:3      | Noticed Ijyb
   292 | D:3      | Killed Ijyb
   292 | D:3      | Reached XP level 3. HP: 31/34 MP: 3/3
   299 | D:3      | Reached skill level 1 in Dodging
   361 | D:3      | Noticed Terence
   381 | D:3      | Killed Terence
   381 | D:3      | Reached XP level 4. HP: 38/42 MP: 4/4
   498 | D:4      | Noticed Menkaure
   508 | D:4      | Mangled by Menkaure

Levels and vault maps discovered:
D:1:      evilmike_arrival_fibonacci_small, layout_basic
D:2:      layout_basic
D:3:      kennysheep_the_goblin_king, layout_basic, grunt_ministairs_15,
          uniq_terence
D:4:      layout_basic, uniq_menkaure

Skill      XL: |  1  2  3 |
---------------+----------+-----
Fighting       | 3 |  3.5
Axes           | 3 |  3.5
Dodging        | 1 |  1.3
Armour         | |  3.8
Shields        | |  3.8

Action                   |  1- 3 |  4- 6 || total
-------------------------+-------+-------++-------
Melee: War axe           |    83 |    32 ||   115
 Abil: Heal Wounds       |     3 |     2 ||     5
Armor: Scale mail        |    44 |     3 ||    47
       Chain mail        |       |    12 ||    12
Dodge: Dodged            |    26 |     6 ||    32
Block: Kite shield       |    57 |    18 ||    75

Table legend:
 A = Non-vault XP
 B = Vault XP
 C = Vault XP percentage of total XP
 D = Non-vault monster count
 E = Vault monster count
 F = Vault count percentage of total count
                 A         B        C        D         E       F
            +---------+---------+-------+---------+---------+-------
      Total |      86 |      87 |  50.3 |      25 |      10 |  28.6
            +---------+---------+-------+---------+---------+-------
        D:1 |      14 |       0 |   0.0 |       8 |       0 |   0.0
        D:2 |      13 |       0 |   0.0 |       7 |       0 |   0.0
        D:3 |      59 |      87 |  59.6 |      10 |      10 |  50.0
            +---------+---------+-------+---------+---------+-------
